 Dungeon Crawl Stone Soup version 0.24-a0-201-gf205589 (webtiles) character file.

Game seed: 9977137258265908810

158 Ijustatesigmund the Vandal (level 5, -9/34 HPs)
             Began as an Octopode Hunter on Mar 21, 2019.
             Killed from afar by Ijyb (28 damage)
             ... with a wand of acid (10)
             ... on level 3 of the Dungeon.
             The game lasted 00:06:00 (2228 turns).

Ijustatesigmund the Vandal (Octopode Hunter)        Turns: 2228, Time: 00:06:00

Health: -9/34      AC: -3    Str: 12    XL:     5   Next: 40%
Magic:  5/5        EV: 13    Int: 13    God:
Gold:   170        SH:  6    Dex: 13    Spells: 4/4 levels left

rFire    . . .     SeeInvis .   b - +2 flail (crush)
rCold    . . .     Gourm    .   g - +1 buckler
rNeg     . . .     Faith    .   (helmet restricted)
rPois    .         Spirit   .   (no amulet)
rElec    .         Reflect  .   (no ring)
rCorr    .         Harm     .   (no ring)
MR       .....                  (no ring)
Stlth    +++.......             (no ring)
HPRegen  0.11/turn              (no ring)
MPRegen  0.09/turn              (no ring)
                                (no ring)
                                (no ring)

@: corroded
A: almost no armour, stealthy swim, amphibious, 8 rings, constrict 8, camouflage
1, gelatinous body 1
a: no special abilities


You were on level 3 of the Dungeon.
You were not hungry.

You visited 1 branch of the dungeon, and saw 3 of its levels.

You collected 170 gold pieces.

Inventory:

Hand Weapons
 a - a +1 hunting sling
 b - a +2 flail of crushing (weapon)
 e - a +0 club
Missiles
 c - 13 sling bullets
 f - 109 stones (quivered)
Armour
 g - a +1 buckler (worn)
Wands
 k - a wand of disintegration (14)
 r - a wand of enslavement (11)
Scrolls
 i - 3 scrolls of remove curse
 l - a scroll of identify
 q - a scroll of teleportation
Potions
 h - 2 potions of flight
 j - a potion of agility
 m - a potion of heal wounds
 n - 2 potions of brilliance {unknown}
 o - 4 potions of lignification {unknown}
 p - a potion of might {unknown}
 s - a potion of degeneration {unknown}
Comestibles
 d - 3 rations


   Skills:
 - Level 2.0 Fighting
 + Level 2.4 Maces & Flails
 - Level 4.0 Slings
 - Level 2.0 Dodging
 - Level 1.3 Stealth
 + Level 4.0 Shields


You had 4 spell levels left.
You didn't know any spells.
Your spell library was empty.

Dungeon Overview and Level Annotations

Branches:
Dungeon (3/15)

Altars:

Annotations:
D:3 Ijyb


Innate Abilities, Weirdness & Mutations

You cannot wear most types of armour.
You are very stealthy in the water. (Stealth+)
You are amphibious.
You can wear up to eight rings at the same time.
You can use your tentacles to constrict eight enemies at once.
Your skin changes colour to match your surroundings (Stealth+).
Your rubbery body absorbs attacks. (AC +1, EV +1)


Message History

You are too injured to fight recklessly!
You are too injured to fight recklessly!
You are too injured to fight recklessly!
You are too injured to fight recklessly!
You are too injured to fight recklessly!
You are too injured to fight recklessly!
You feel much better. Ijyb barely misses you.
You closely miss Ijyb. You grab Ijyb. You constrict Ijyb, but do no damage.
Ijyb hits you with a +0 dagger.
You hit Ijyb but do no damage. You squeeze Ijyb.
Ijyb is lightly wounded.
You constrict Ijyb, but do no damage. You block Ijyb's attack.
You hit Ijyb.
Ijyb is moderately wounded.
You constrict Ijyb, but do no damage. Ijyb hits you with a +0 dagger.
You hit Ijyb but do no damage.
Ijyb is moderately wounded.
You constrict Ijyb.
Ijyb zaps a wand.
The bolt of acid hits you!!
Ouch! That really hurt!
You die...

*,**#..# #.# *,*
#..#####.######## *,*
#................ *,*
#..#####.######## *,*
#..# #.#
#.###..#####.#
#..%.........# ***
#####..####### *,,
#..g@..# *,* #.####.#
*,* *,* #.# *,* *,*
#.# *,* *,* *#.#* *,*
*,* *...******** *,*
*,* *.#.,,,,,,,* *,*
*,***,,,******,****,,
*,,,,,,,,,,,,,,,,,,,,


You could see Ijyb.

Vanquished Creatures
  A hound (D:2)
  A gnoll (D:1)
  3 adders
  2 oozes
  A worm (D:2)
  3 dart slugs
  2 leopard geckos (D:3)
  3 orcs (D:3)
  2 giant cockroaches
  7 goblins
  9 hobgoblins
  5 jackals
  A quokka (D:3)
  A ball python (D:1)
  13 bats
  3 frilled lizards
  10 kobolds
  A quokka skeleton (D:2)
  3 rats
71 creatures vanquished.

Notes
Turn   | Place    | Note
-------+----------+-------------------------------------------
     0 | D:1      | Ijustatesigmund the Octopode Hunter began the quest for the
                  | Orb.
     0 | D:1      | Reached XP level 1. HP: 14/14 MP: 1/1
   110 | D:1      | Reached skill level 1 in Shields
   169 | D:1      | Reached XP level 2. HP: 19/19 MP: 2/2
   441 | D:1      | Reached XP level 3. HP: 24/24 MP: 3/3
  1131 | D:2      | Reached XP level 4. HP: 19/29 MP: 4/4
  1137 | D:2      | Reached skill level 1 in Maces & Flails
  1874 | D:3      | Reached XP level 5. HP: 33/34 MP: 5/5
  2218 | D:3      | Noticed Ijyb
  2228 | D:3      | Killed from afar by Ijyb

Levels and vault maps discovered:
D:1:      dpeg_arrival_snail, layout_basic
D:2:      layout_basic, minmay_tiny_reverse_x
D:3:      layout_loops_ring, zin_purify, first_ration, minmay_mini_jars,
          uniq_ijyb, uniq_crazy_yiuf_cottage

Skill      XL: |  1  2  3  4  5 |
---------------+----------------+-----
Shields        | 1 2 3 4 |  4.0
Maces & Flails | 2 |  2.4
Fighting       | |  2.0
Slings         | |  4.0
Dodging        | |  2.0
Stealth        | |  1.3

Action                   |  1- 3 |  4- 6 || total
-------------------------+-------+-------++-------
Melee: Club              |    11 |     6 ||    17
       Tentacles         |     5 |     4 ||     9
       Constrict         |     3 |     6 ||     9
       Flail             |       |    21 ||    21
 Fire: Hunting sling     |    63 |    70 ||   133
  Use: Scroll            |     6 |     4 ||    10
       Potion            |       |     1 ||     1
 Stab: Sleeping          |       |     6 ||     6
  Eat: Chunk             |       |     4 ||     4
Armor: Skin              |       |     6 ||     6
Dodge: Dodged            |    25 |    29 ||    54
Block: Buckler           |    10 |    13 ||    23

Table legend:
 A = Non-vault XP
 B = Vault XP
 C = Vault XP percentage of total XP
 D = Non-vault monster count
 E = Vault monster count
 F = Vault count percentage of total count
                 A         B        C        D         E       F
            +---------+---------+-------+---------+---------+-------
      Total |     144 |      83 |  36.6 |      59 |      12 |  16.9
            +---------+---------+-------+---------+---------+-------
        D:1 |      54 |       0 |   0.0 |      25 |       0 |   0.0
        D:2 |      56 |      53 |  48.6 |      21 |       2 |   8.7
        D:3 |      34 |      30 |  46.9 |      13 |      10 |  43.5
            +---------+---------+-------+---------+---------+-------
